Map: Alcyone LE

Players

soO - Winner!

  • Race: Zerg Zerg
  • Spawn Location: 7:00

DRG

  • Race: Zerg Zerg
  • Spawn Location: 1:00

Event: ESL Spring 2024 Finals

VOD

Have the link to the VOD?

Description

Time

  • Played on: May 31, 2024, 6:11 p.m.
  • Length: 7:56

All games in this series

Show
View Real Time Build Order
Export as new Build Order

soO Zerg - Winner!

Build Orders: Hatch First 

Get SALT Encoding   

  12  0:00  Drone  
  13  0:11  Overlord  
  13  0:16  Drone  
  14  0:30  Drone x2  
  16  0:47  Hatchery  
  15  0:50  Drone  
  15  0:53  Drone  
  15  0:56  Drone  
  18  1:07  Extractor  
  17  1:12  Spawning Pool  
  17  1:14  Drone  
  17  1:17  Drone  
  18  1:27  Drone  
  19  1:38  Drone  
  20  1:50  Overlord  
  20  1:58  Queen x2  
  20  1:59  Zergling x2  
  20  2:00  Drone  
  26  2:09  Metabolic Boost  
  26  2:10  Drone x2  
  28  2:22  Zergling x2  
  29  2:23  Drone  
  30  2:32  Hatchery  
  30  2:35  Drone  
  30  2:39  Overlord  
  30  2:49  Drone  
  31  3:02  Baneling Nest  
  30  3:07  Zergling x4  
  30  3:08  Zergling x14  
  30  3:11  Drone  
  30  3:12  Drone  
  41  3:21  Overlord  
  41  3:22  Drone  
  41  3:35  Overlord  
  41  3:37  Zergling x2  
  41  3:39  Zergling x2  
  44  3:41  Drone x2  
  44  3:42  Zergling x2  
  44  3:43  Zergling x2  
  44  3:44  Queen  
  44  3:45  Drone  
  44  3:47  Zergling x2  
  51  3:56  Zergling x2  
  51  3:58  Zergling x6  
  51  3:59  Baneling, Overlord  
  51  4:00  Baneling  
  53  4:13  Zergling x6  
  53  4:14  Zergling x4  
  50  4:20  Drone x4  
  54  4:28  Drone x4  
  57  4:36  Baneling x3  
  57  4:37  Drone  
  58  4:41  Extractor  
  58  4:43  Drone  
  58  4:45  Roach Warren  
  57  4:49  Drone x2  
  59  4:57  Drone  
  52  5:02  Zergling x10  
  52  5:03  Zergling x2  
  53  5:07  Zergling x6  
  53  5:08  Zergling x2  
  53  5:09  Zergling x6  
  59  5:15  Zergling x4  
  59  5:20  Baneling x2  
  61  5:25  Roach  
  61  5:26  Roach  
  61  5:27  Roach x2  
  69  5:35  Roach  
  68  5:44  Roach x2  
  68  5:49  Roach  
  73  5:52  Overlord, Roach  
  72  6:00  Overlord  
  72  6:04  Roach x2  
  73  6:05  Overlord  
  73  6:10  Lair  
  72  6:11  Drone  
  72  6:12  Drone x5  
  72  6:14  Extractor  
  72  6:15  Drone  
  72  6:16  Evolution Chamber  
  72  6:17  Drone  
  78  6:20  Drone x3  
  78  6:24  Drone  
  82  6:26  Drone  
  82  6:28  Extractor  
  82  6:32  Drone x2  
  84  6:34  Drone x5  
  84  6:36  Drone  
  84  6:38  Extractor  
  89  6:42  Drone  
  89  6:45  Roach  
  92  6:47  Overlord  
  92  6:50  Roach x3  
  92  6:54  Overlord  
  97  6:58  Overlord  
  97  7:01  Overlord  
  97  7:02  Overlord  
  97  7:04  Overlord  
  97  7:06  Roach x2  
  97  7:07  Roach  
  97  7:08  Roach  
  104  7:14  Roach x2  
  108  7:15  Ravager  
  108  7:17  Overlord  
  108  7:19  Roach  
  108  7:22  Roach  
  115  7:23  Roach  
  115  7:25  Roach  
  115  7:26  Roach  
  115  7:29  Roach  
  120  7:31  Roach  
  120  7:34  Roach x2  
  121  7:37  Roach x2  
Show
View Real Time Build Order
Export as new Build Order

DRG Zerg 

Build Orders: Hatch First, Zergling Baneling 

Get SALT Encoding   

  12  0:00  Drone  
  13  0:11  Overlord  
  13  0:16  Drone  
  14  0:29  Drone x2  
  16  0:47  Hatchery  
  15  0:50  Drone  
  15  0:54  Drone  
  15  0:56  Drone  
  18  1:08  Extractor  
  17  1:12  Spawning Pool  
  17  1:15  Drone  
  17  1:18  Drone  
  18  1:27  Drone  
  19  1:37  Drone  
  20  1:48  Drone  
  21  1:58  Queen x2  
  21  1:59  Overlord  
  21  2:00  Drone  
  26  2:07  Metabolic Boost  
  26  2:09  Drone  
  26  2:10  Drone  
  28  2:20  Zergling x2  
  28  2:21  Zergling x2  
  30  2:31  Drone x2  
  30  2:35  Hatchery  
  31  2:43  Queen  
  33  2:50  Baneling Nest  
  32  2:52  Overlord  
  32  2:55  Drone  
  32  2:57  Drone  
  34  2:59  Drone  
  35  3:12  Zergling x10  
  39  3:15  Zergling x2  
  39  3:19  Zergling x4  
  42  3:23  Overlord  
  42  3:25  Drone  
  43  3:34  Baneling x3  
  43  3:35  Baneling  
  43  3:36  Baneling  
  43  3:44  Zergling x12  
  49  3:53  Drone x3  
  51  3:58  Drone x4  
  51  4:00  Drone  
  54  4:10  Overlord  
  54  4:13  Drone  
  54  4:14  Drone x3  
  55  4:20  Drone x2  
  55  4:21  Drone  
  55  4:26  Roach Warren  
  55  4:27  Drone  
  55  4:31  Overlord  
  53  4:32  Drone  
  53  4:34  Zergling x2  
  54  4:39  Baneling  
  54  4:40  Zergling x6  
  54  4:42  Zergling x4  
  54  4:43  Baneling x2  
  59  4:48  Zergling x2  
  59  4:49  Baneling  
  61  4:52  Zergling x2  
  61  4:53  Zergling x6  
  61  4:58  Zergling x2  
  58  5:01  Zergling x2  
  58  5:02  Baneling x2  
  49  5:08  Drone x2  
  49  5:09  Drone x3  
  49  5:11  Queen  
  55  5:15  Drone x4  
  55  5:16  Drone  
  55  5:18  Overlord  
  60  5:23  Evolution Chamber  
  60  5:27  Drone x2  
  58  5:29  Drone  
  58  5:34  Roach  
  61  5:42  Roach x2  
  62  5:43  Roach  
  62  5:46  Roach x2  
  62  5:47  Roach x3  
  62  5:48  Extractor  
  69  5:50  Roach  
  63  5:59  Drone x3  
  63  6:03  Roach  
  64  6:07  Zergling x8  
  64  6:09  Zergling x2  
  69  6:15  Roach  
  71  6:21  Roach x2  
  71  6:23  Overlord  
  75  6:27  Overlord  
  75  6:29  Roach  
  77  6:34  Overlord  
  77  6:39  Roach x2  
  81  6:44  Roach x2  
  85  6:48  Roach  
  85  6:53  Roach  
  87  6:56  Zergling x10  
  87  6:58  Zergling x2  
  87  7:00  Zergling x2  
  93  7:02  Zergling x2  
  93  7:03  Zergling x2  
  94  7:09  Zergling x6  
  94  7:10  Zergling x2  
  98  7:18  Zergling x6  
  100  7:24  Zergling x8  
  100  7:27  Zergling x2  
  100  7:28  Zergling x4  
  102  7:32  Zergling x4  
  102  7:35  Zergling x4  
  102  7:37  Zergling x2  
Tags
 
Add a new tag
Caveats
  • Supply blocks, unpowered buildings, or Contaminate may cause inaccurate times.
  • Supply counts are checked every 10 seconds.